 Dungeon Sprint DCSS version 0.28-a0-71-g84acfa7270 (webtiles) character file.

Game seed: 18259044670729116780

771 Zeldest the Unseen (level 7, -8/44 HPs)
             Began as a Vampire Enchanter on Aug 2, 2021.
             Was a Believer of Cheibriados.
             Mangled by a two-headed ogre (13 damage)
             ... in the Dungeon (Sprint IX: "|||||||||||||||||||||||||||||").
             The game lasted 00:03:07 (228 turns).

Zeldest the Unseen (Vampire Enchanter)               Turns: 228, Time: 00:03:07

Health: -8/44      AC:  4    Str: 12    XL:     7   Next: 53%
Magic:  10/10      EV: 13    Int: 25    God:    Cheibriados [**....]
Gold:   0          SH:  0    Dex: 25    Spells: 9/10 levels left

rFire   . . .      SeeInvis +   a - +1 dagger
rCold   + + .      Faith    .   (no shield)
rNeg    + + +      Spirit   .   b - +0 robe
rPois   ∞          Reflect  .   (no helmet)
rElec   .          Harm     .   l - +0 cloak
rCorr   .          Rampage  .   (no gloves)
Will    .....      NoTele   +   m - +0 pair of boots
Stlth   +++++++++.              (no amulet)
HPRegen 0.00/turn               n - +3 ring of dexterity
MPRegen 0.12/turn               o - +3 ring of intelligence

@: very slightly contaminated, bloodless, inhibited regen, invisible, very slow
A: bloodless, fangs 3, see invisible, vampiric 2
a: Bat Form, Revivify, Renounce Religion, Bend Time


You were in the Dungeon.
You worshipped Cheibriados.
Cheibriados was pleased with you.
You visited 1 branch

Inventory:

Hand Weapons
 a - a +1 dagger (weapon)
 k - a +2 rapier of distortion
Armour
 b - a +0 robe (worn)
 l - a +0 cloak (worn)
 m - a +0 pair of boots (worn)
Jewellery
 n - a +3 ring of dexterity (left hand)
 o - a +3 ring of intelligence (right hand)
Wands
 j - a wand of iceblast (7)
Scrolls
 i - 2 scrolls of amnesia
Potions
 c - 5 potions of curing
 e - a potion of haste
 f - 4 potions of magic


   Skills:
 + Level 5.3 Fighting
 - Level 9.0 Short Blades
 - Level 2.1 Dodging
 + Level 15.3 Stealth
 - Level 2.0 Spellcasting
 + Level 9.6 Hexes
 + Level 5.3 Invocations


You had 9 spell levels left.
You knew the following spells:

 Your Spells              Type           Power      Damage    Failure   Level
a - Corona                Hex            55%        N/A       1%          1

Your spell library contained the following spells:

 Spells                   Type           Power      Damage    Failure   Level
 Confusing Touch          Hex            50%        N/A       1%          3
 Tukima's Dance           Hex            50%        N/A       1%          3
 Ensorcelled Hibernation  Hex/Ice        52%        N/A       2%          2
 Dazzling Flash           Conj/Hex       52%        N/A       4%          3


Dungeon Overview and Level Annotations

Branches:
Dungeon (1/1)

Altars:
Cheibriados
Dithmenos
Elyvilon
Fedhas
Gozag
Hepliaklqana
Kikubaaqudgha
Makhleb
Nemelex Xobeh
Okawaru
Qazlal
Ru
Sif Muna
Trog
Uskayaw
Vehumet
Wu Jian
Xom
Yredelemnul
Zin
The Shining One
Beogh
Jiyva
Lugonu


Innate Abilities, Weirdness & Mutations

You do not regenerate when monsters are visible.
You are frail without blood (-20% HP).
You can heal yourself when you bite living creatures.
You are immune to poison.
You have razor-sharp teeth.
You have supernaturally acute eyesight. (SInv)
You are afflicted with vampirism and can become a bat while bloodless.


Message History

The howler monkey is severely wounded.
You hit the howler monkey.
The howler monkey is almost dead.
The howler monkey barely misses you.
You hit the howler monkey.
You kill the howler monkey!
Cheibriados appreciates the change of pace.
Cheibriados raises the support of your attributes as your movement slows.
The flow of time bends around you.
The hornet resists with some effort.
The hornet stings you.
* * * LOW HITPOINT WARNING * * *
The hornet closely misses you.
Okay, then.
You fade into invisibility!
The hornet stings you.
* * * LOW HITPOINT WARNING * * *
You are very lightly contaminated with residual magic.
You strike the helpless hornet from behind!
You skewer the hornet like a kebab!!!
You kill the hornet!
Cheibriados thoroughly appreciates the change of pace.
Cheibriados raises the support of your attributes as your movement slows.
Your Fighting skill increases to level 5!
Your Stealth skill increases to level 15!
Your Hexes skill increases to level 9!
Your Invocations skill increases to level 5!
Items here: ))))).
You see here a +0 plate armour.
There is an open door to the Dungeon here.
Things that are here:
a +0 trident; a +0 chain mail; an orc corpse You see here a howler monkey corpse.
Things that are here:
a +0 dagger; a +0 robe; a kobold corpse You open the door.
A slime creature, a gnoll sergeant, a deep elf pyromancer, a centaur warrior, a two-headed ogre and a meliai come into view.
The two-headed ogre shouts in stereo!
The two-headed ogre barely misses you.
The two-headed ogre hits you with a +0 giant spiked club!
You die...

▓g▓
▓J▓
▓y▓
▓.▓
▓c▓
▓e▓
▓O▓
▓@▓
▓)▓
▓.▓
▓†▓
▓)▓
▓.▓
▓'▓
▓.▓
▓.▓


You could see a slime creature (wandering), a centaur warrior (wandering), a
two-headed ogre (wandering), a deep elf pyromancer (wandering), a gnoll sergeant
(wandering) and a meliai (wandering).

Vanquished Creatures
  A kobold demonologist (D)
  A hornet (D)
  An orc warrior (D)
  A black bear (D)
  A scorpion (D)
  2 howler monkeys (D)
  A gnoll shaman (D)
  A hound (D)
  An adder skeleton (D)
  A jackal (D)
  2 bats (D)
  A frilled lizard (D)
  A quokka zombie (D)
  A rat (D)
16 creatures vanquished.

Notes
Turn   | Place    | Note
-------+----------+-------------------------------------------
     0 | D        | Zeldest the Vampire Enchanter began the quest for the Orb.
     0 | D        | Reached XP level 1. HP: 13/13 MP: 3/3
    20 | D        | Reached skill level 5 in Stealth
    37 | D        | Noticed a hound
    37 | D        | Noticed a black bear
    37 | D        | Noticed a scorpion
    37 | D        | Noticed a gnoll shaman
    39 | D        | Killed a gnoll shaman
    40 | D        | Reached skill level 8 in Stealth
    40 | D        | Reached XP level 2. HP: 12/15 MP: 5/5
    40 | D        | Gained mutation: You are afflicted with vampirism and can
                  | become a bat while bloodless. [Vampire growth]
    40 | D        | Reached XP level 3. HP: 15/19 MP: 6/6
    41 | D        | Killed a scorpion
    42 | D        | Reached skill level 10 in Stealth
    42 | D        | Reached XP level 4. HP: 19/24 MP: 7/7
    43 | D        | Killed a black bear
    44 | D        | Reached skill level 12 in Stealth
    44 | D        | Reached XP level 5. HP: 27/28 MP: 8/8
    46 | D        | Reached skill level 13 in Stealth
    49 | D        | Found a snail-covered altar of Cheibriados.
    49 | D        | Found a shadowy altar of Dithmenos.
    49 | D        | Found a blossoming altar of Fedhas.
    49 | D        | Found an opulent altar of Gozag.
    50 | D        | Found a hazy altar of Hepliaklqana.
    51 | D        | Found a viscous altar of Jiyva.
    52 | D        | Found an ancient bone altar of Kikubaaqudgha.
    53 | D        | Became a worshipper of Cheibriados the Contemplative
    54 | D        | Found a corrupted altar of Lugonu.
    55 | D        | Found a burning altar of Makhleb.
    56 | D        | Found a sparkling altar of Nemelex Xobeh.
    57 | D        | Found an iron altar of Okawaru.
    58 | D        | Found a stormy altar of Qazlal.
    59 | D        | Found a sacrificial altar of Ru.
    60 | D        | Found a shimmering blue altar of Sif Muna.
    61 | D        | Found a bloodstained altar of Trog.
    62 | D        | Found a hide-covered altar of Uskayaw.
    63 | D        | Found a radiant altar of Vehumet.
    64 | D        | Found an ornate altar of the Wu Jian Council.
    65 | D        | Found a shimmering altar of Xom.
    66 | D        | Found a basalt altar of Yredelemnul.
   105 | D        | Noticed a kobold demonologist
   105 | D        | Noticed a hornet
   105 | D        | Noticed an orc warrior
   114 | D        | Reached skill level 1 in Fighting
   114 | D        | Reached skill level 5 in Hexes
   114 | D        | Reached skill level 1 in Invocations
   114 | D        | Killed an orc warrior
   114 | D        | Reached * piety under Cheibriados
   115 | D        | Reached XP level 6. HP: 8/36 MP: 9/9
   191 | D        | Killed a kobold demonologist
   192 | D        | Reached skill level 14 in Stealth
   192 | D        | Reached XP level 7. HP: 19/43 MP: 10/10
   208 | D        | Reached ** piety under Cheibriados
   210 | D        | HP: 2/44 [hornet (2)]
   211 | D        | Killed a hornet
   212 | D        | Reached skill level 5 in Fighting
   212 | D        | Reached skill level 15 in Stealth
   212 | D        | Reached skill level 5 in Invocations
   228 | D        | Noticed a slime creature
   228 | D        | Noticed a meliai
   228 | D        | Noticed a centaur warrior
   228 | D        | Noticed a deep elf pyromancer
   228 | D        | Noticed a two-headed ogre
   228 | D        | Mangled by a two-headed ogre

Illustrated notes

Levels and vault maps discovered:
D:        linesprint [early_d, line_temple, items_1, d_10, items_2, lair_1,
          lair_end, items_3, orc_1, orc_end, items_4, d_15, swamp_1, shoals_1,
          snake_1, spider_1, d_20, vaults_1, items_5, swamp_end, shoals_end,
          snake_end, spider_end, vaults_end, d_27, items_6, zot_1, zot_end,
          crypt_end, forest_end, elf_end, slime_end, tomb_end, abyss_end,
          pan_hell_end]

Skill      XL: |  1  2  3  4  5  6  7 |
---------------+----------------------+-----
Stealth        | 8 10 12 13 14 15 | 15.3
Short Blades   | 4 6 8 9 |  9.0
Fighting       | 2 4 5 |  5.3
Hexes          | 6 8 9 |  9.6
Invocations    | 2 4 5 |  5.3
Dodging        | |  2.1
Spellcasting   | |  2.0

Action                   |  1- 3 |  4- 6 |  7- 9 || total
-------------------------+-------+-------+-------++-------
Melee: Dagger            |    23 |    78 |     6 ||   107
       Bite              |     2 |    12 |     1 ||    15
Invok: Bend Time         |       |       |     1 ||     1
 Abil: Exsanguinate      |     1 |       |       ||     1
Evoke: Wand              |       |     3 |       ||     3
  Use: Potion            |       |     2 |     2 ||     4
       Scroll            |       |     1 |     1 ||     2
 Stab: Sleeping          |     2 |     3 |       ||     5
       Invisible         |       |       |     1 ||     1
Armor: Robe              |     5 |     6 |     1 ||    12
Dodge: Dodged            |    19 |    34 |     3 ||    56

Table legend: (Time is in decaauts)
 A = Elapsed time spent in this place.
 B = Non-inter-level travel time spent in this place.
 C = Inter-level travel time spent in this place.
 D = Time resting spent in this place.
 E = Time spent auto-exploring this place.
 F = Levels seen in this place.
 G = Mean time per level.
                   A        B        C        D        E       F      G
               +--------+--------+--------+--------+--------+-----+--------+
         Total |    209 |    209 |      0 |      0 |      0 |   1 |  209.0 |
       Dungeon |    209 |    209 |      0 |      0 |      0 |   1 |  209.0 |
               +--------+--------+--------+--------+--------+-----+--------+

Top non-repeatable levels by time:
       D: 209 daAuts
